 Dungeon Crawl Stone Soup version 0.30.1 (webtiles) character file.

Game seed: 15671856796835615018

3315852 coffeetime the Metallomancer (level 27, 173/173 HPs)
             Began as a Gargoyle Earth Elementalist on June 29, 2023.
             Was the Champion of Vehumet.
             Escaped with the Orb
             ... and 5 runes on July 4, 2023!
             The game lasted 11:11:24 (65646 turns).

coffeetime the Metallomancer (GrEE)                Turns: 65646, Time: 11:11:25

Health: 173/173    AC: 42    Str: 15      XL:     27
Magic:  52/52      EV: 16    Int: 27 (28) God:    Vehumet [******]
Gold:   6190       SH:  0    Dex:  9      Spells: 6/77 levels left

rFire   + + .        b - staff of earth
rCold   + . .        k - orb {*channel}
rNeg    + + .        W - quicksilver dragon scales
rPois   ∞            o - +2 hat {Will+}
rElec   +            t - +2 cloak of the Earth {rF++ Stlth+}
rCorr   .            T - +0 pair of fencer's gloves {Riposte Dex+3}
SInv    +            f - +2 pair of boots "Leicvyd" {rN+}
Will    +++++        E - amulet of magic regeneration
Stlth   ++           V - ring "Koilikiwi" {AC+4 Int+3}
HPRegen 0.48/turn    r - ring of Recklessness {+Blink rC+ Dex-4 Slay+2 SInv}
MPRegen 0.73/turn

%: channel magic (20%)
@: flying, studying 2 skills
A: sickness immunity, AC +20, big wings, negative energy resistance 1,
electricity resistance, torment resistance 1, petrification resistance, hooves
1, deformed body, deterioration 2, dopey 1, strong-willed 1, sturdy frame 1
0: Orb of Zot
}: 5/15 runes: decaying, slimy, silver, abyssal, gossamer
a: Renounce Religion, Evoke Blink


You escaped.
You worshipped Vehumet.
Vehumet was exalted by your worship.
You visited 12 branches of the dungeon, and saw 56 of its levels.
You visited the Abyss 1 time.
You also visited: Ice Cave.

You collected 9652 gold pieces.
You spent 3462 gold pieces at shops.

Inventory:

Hand Weapons
 e - the +9 demon whip "Giant's Toothpick" {drain, rF++ rCorr MP-9 SInv}
   (You found it on level 5 of the Pits of Slime)

   rF:        It greatly protects you from fire.
   MP:        It affects your magic capacity (-9).
   SInv:      It lets you see invisible.
   rCorr:     It protects you from acid and corrosion.
Missiles
 v - 14 curare-tipped darts
 D - 2 throwing nets
Armour
 f - the +2 pair of boots "Leicvyd" (worn) {rN+}
   (You found it on level 1 of the Depths)

   rN:        It protects you from negative energy.
 k - an orb of energy (worn)
 o - a +2 hat of willpower (worn)
 t - the +2 cloak of the Earth (worn) {rF++ Stlth+}
   (You found it on level 1 of the Depths)

   rF:        It greatly protects you from fire.
   Stlth:     It makes you more stealthy.
 K - a scarf of repulsion
 T - the +0 pair of fencer's gloves (worn) {Riposte Dex+3}
   (You found it on level 10 of the Dungeon)

   Riposte:   It allows the wearer to riposte with melee weapons, swiftly
   retaliating against missed or blocked melee attacks.
   Dex:       It affects your dexterity (+3).
 W - quicksilver dragon scales (worn)
Magical Staves
 a - the staff of fire "Qeusithre" {rElec rF+}
   (You found it on level 5 of the Pits of Slime)

   [staff of fire]

   Base accuracy: +5 Base damage: 5 Base attack delay: 1.2 This weapon's minimum
   attack delay (0.6) is reached at skill level 12.
   rF:        It protects you from fire.
   rElec:     It insulates you from electricity.
   It falls into the 'Staves' category.
   It is a one-handed weapon.
 b - a staff of earth (weapon)
 j - the staff of air "Favyng" {rElec rPois rF+ rC++ Dex-2}
   (You found it on level 3 of the Depths)

   [staff of air]

   Base accuracy: +5 Base damage: 5 Base attack delay: 1.2 This weapon's minimum
   attack delay (0.6) is reached at skill level 12.
   Dex:       It affects your dexterity (-2).
   rF:        It protects you from fire.
   rC:        It greatly protects you from cold.
   rElec:     It insulates you from electricity.
   rPois:     It protects you from poison.
   It falls into the 'Staves' category.
   It is a one-handed weapon.
Jewellery
 r - the ring of Recklessness (right hand) {+Blink rC+ Dex-4 Slay+2 SInv}
   (You took it off a deep elf demonologist on level 3 of the Elven Halls)

   [ring of see invisible]

   Dex:       It affects your dexterity (-4).
   Slay:      It affects your accuracy & damage with ranged weapons and melee
   (+2).
   rC:        It protects you from cold.
   SInv:      It lets you see invisible.
   +Blink:    It lets you blink.
 y - an amulet of regeneration
 E - an amulet of magic regeneration (around neck)
 M - the ring of the Stallion {rN+ rCorr Str+3 Dex+3}
   (You found it on level 3 of the Crypt)

   [ring of positive energy]

   Str:       It affects your strength (+3).
   Dex:       It affects your dexterity (+3).
   rN:        It protects you from negative energy.
   rCorr:     It protects you from acid and corrosion.
 N - the ring "Bycroske" {Contam rElec rPois rN+ Will+}
   (You took it off a skeletal warrior on level 3 of the Crypt)

   [ring of positive energy]

   rElec:     It insulates you from electricity.
   rPois:     It protects you from poison.
   rN:        It protects you from negative energy.
   Contam:    It causes magical contamination when unequipped.
   Will:      It increases your willpower.
 V - the ring "Koilikiwi" (left hand) {AC+4 Int+3}
   (You took it off a deep elf pyromancer on level 3 of the Elven Halls)

   [ring of protection]

   AC:        It affects your AC (+4).
   Int:       It affects your intelligence (+3).
Wands
 q - a wand of paralysis (69)
 I - a wand of iceblast (4)
 L - a wand of mindburst (52)
 P - a wand of polymorph (14)
 R - a wand of quicksilver (24) (quivered)
 Z - a wand of digging (7)
Scrolls
 g - 7 scrolls of teleportation
 m - 14 scrolls of poison
 p - 2 scrolls of vulnerability
 B - 8 scrolls of immolation
 C - 13 scrolls of magic mapping
 G - 14 scrolls of fear
 H - 2 scrolls of amnesia
 S - a scroll of torment
 U - 6 scrolls of silence
 Y - 7 scrolls of fog
Potions
 c - 10 potions of brilliance
 d - 6 potions of heal wounds
 h - 6 potions of cancellation
 n - 2 potions of haste
 u - 7 potions of attraction
 w - 7 potions of resistance
 x - 13 potions of ambrosia
 z - 8 potions of mutation
 A - 18 potions of curing
 F - 2 potions of magic
 J - 14 potions of lignification
Miscellaneous
 O - a phial of floods


   Skills:
 - Level 18.0 Fighting
 - Level 1.1 Long Blades
 - Level 0.1(0.4) Polearms
 - Level 1.0 Staves
 - Level 8.1 Armour
 - Level 16.0 Dodging
 - Level 6.3 Stealth
 - Level 7.0 Shields
 + Level 25.9 Spellcasting
 - Level 13.1 Conjurations
 - Level 2.0 Hexes
 - Level 3.3 Summonings
 - Level 0.2 Necromancy
 - Level 6.1 Translocations
 - Level 2.3 Transmutations
 - Level 17.1 Fire Magic
 - Level 0.2 Ice Magic
 - Level 4.0 Air Magic
 + Level 26.5 Earth Magic
 - Level 0.2 Poison Magic
 - Level 0.2 Invocations
 - Level 8.0 Evocations


You had 6 spell levels left.
You knew the following spells:

 Your Spells              Type           Power      Damage    Failure   Level
a - Sandblast             Erth           100%       2d20      1%          1
b - Passwall              Tmut/Erth      88%        N/A       1%          2
c - Summon Small Mammal   Summ           100%       N/A       2%          1
d - Yara's Violent Unrav  Hex/Tmut       23%        3d10      8%          5
e - Summon Forest         Summ/Tloc      28%        N/A       13%         5
f - Orb of Destruction    Conj           41%        9d11      3%          7
g - Plasma Beam           Fire/Air       37%        2x1d56    2%          6
h - Iskenderun's Mystic   Conj/Tloc      72%        2d15      1%          4
i - Swiftness             Air            54%        N/A       4%          3
j - Blink                 Tloc           100%       N/A       1%          2
k - Lehudib's Crystal Sp  Conj/Erth      59%        10d14     2%          8
l - Shatter               Erth           66%        3d49*     2%          9
m - Ignition              Fire           45%        3d13      4%          8
n - Iskenderun's Battles  Conj           82%        2d13      1%          5
o - Borgnjor's Vile Clut  Necr/Erth      51%        N/A       1%          5

Your spell library contained the following spells:

 Spells                   Type           Power      Damage    Failure   Level
 Maxwell's Capacitive Co  Air            27%        ∞         98%         8
 Foxfire                  Conj/Fire      100%       2x1d9     1%          1
 Freeze                   Ice            100%       1d10      1%          1
 Shock                    Conj/Air       100%       1d9       1%          1
 Lesser Beckoning         Tloc           100%       N/A       1%          2
 Momentum Strike          Conj/Tloc      100%       3d10      1%          2
 Dazzling Flash           Conj/Hex       100%       N/A       1%          3
 Hailstorm                Conj/Ice       63%        3d13      1%          3
 Ignite Poison            Fire/Tmut/Pois 63%        N/A       1%          3
 Inner Flame              Hex/Fire       72%        N/A       1%          3
 Stone Arrow              Conj/Erth      100%       3d13      1%          3
 Volatile Blastmotes      Fire/Tloc      100%       2d18      1%          3
 Fulminant Prism          Conj/Hex       33%        3d16      1%          4
 Leda's Liquefaction      Hex/Erth       53%        N/A       1%          4
 Petrify                  Tmut/Erth      100%       N/A       1%          4
 Sticky Flame             Conj/Fire      86%        2d10      1%          4
 Fireball                 Conj/Fire      43%        3d17      1%          5
 Irradiate                Conj/Tmut      33%        3d22      1%          5
 Lee's Rapid Deconstruct  Erth           66%        3d30*     1%          5
 Iron Shot                Conj/Erth      59%        9d11      1%          6
 Starburst                Conj/Fire      43%        6d12      1%          6
 Gell's Gravitas          Tloc           61%        N/A       2%          3
 Teleport Other           Tloc           61%        N/A       2%          3
 Airstrike                Air            27%        2d(4-20)  2%          4
 Freezing Cloud           Conj/Ice/Air   30%        6-21      2%          5
 Beastly Appendage        Tmut           94%        N/A       3%          1
 Slow                     Hex            100%       N/A       3%          1
 Frozen Ramparts          Ice            72%        1d11      3%          3
 Wereblood                Tmut           47%        N/A       4%          2
 Call Canine Familiar     Summ           52%        N/A       4%          3
 Passage of Golubria      Tloc           61%        N/A       4%          4
 Conjure Ball Lightning   Conj/Air       34%        3x3d11    4%          6
 Ensorcelled Hibernation  Hex/Ice        82%        N/A       5%          2
 Summon Guardian Golem    Hex/Summ       49%        N/A       5%          3
 Confusing Touch          Hex            45%        N/A       6%          3
 Olgreb's Toxic Radiance  Pois           36%        N/A       7%          4
 Spider Form              Tmut/Pois      42%        N/A       8%          3
 Ozocubu's Armour         Ice            36%        N/A       11%         3
 Vampiric Draining        Necr           36%        2d8       11%         3
 Cause Fear               Hex            22%        N/A       14%         4
 Summon Ice Beast         Ice/Summ       44%        N/A       16%         4
 Ice Form                 Ice/Tmut       42%        N/A       17%         4
 Anguish                  Hex/Necr       20%        N/A       19%         4
 Silence                  Hex/Air        25%        N/A       22%         5
 Animate Dead             Necr           36%        N/A       24%         4
 Summon Mana Viper        Hex/Summ       49%        N/A       24%         5
 Blade Hands              Tmut           23%        N/A       28%         5
 Dispersal                Tloc           30%        N/A       32%         6
 Metabolic Englaciation   Hex/Ice        20%        N/A       38%         5
 Eringya's Noxious Bog    Tmut/Pois      21%        N/A       38%         6
 Death Channel            Necr           18%        N/A       94%         6
 Simulacrum               Ice/Necr       18%        N/A       94%         6
 Ozocubu's Refrigeration  Ice            18%        4d11      94%         7
 Monstrous Menagerie      Summ           26%        N/A       98%         7
 Summon Hydra             Summ           26%        N/A       98%         7
 Dragon Form              Tmut           23%        N/A       99%         7
 Enfeeble                 Hex            22%        N/A       99%         7
 Borgnjor's Revivificati  Necr           18%        N/A       100%        8
 Discord                  Hex            22%        N/A       100%        8
 Disjunction              Tloc           30%        N/A       100%        8
 Necromutation            Tmut/Necr      21%        N/A       100%        8
 Death's Door             Necr           18%        N/A       100%        9
 Dragon's Call            Summ           26%        N/A       100%        9
 Polar Vortex             Ice            18%        N/A       100%        9
 Statue Form              Tmut/Erth      Unusable   N/A       N/A         6
 Cigotuvi's Dreadful Rot  Necr/Pois/Air  Unusable   N/A       N/A         2

Dungeon Overview and Level Annotations

Branches:
Dungeon (15/15)            Temple (1/1) D:6            Lair (5/5) D:8
  Swamp (4/4) Lair:2       Spider (4/4) Lair:2        Slime (5/5) Lair:5
    Orc (2/2) D:12            Elf (3/3) Orc:2        Vaults (5/5) D:14
  Crypt (3/3) Vaults:3       Tomb (0/3) Crypt:3      Depths (4/4) D:15
    Zot (5/5) Depths:4      IceCv (visited)

Altars:
Ashenzari
Cheibriados
Dithmenos
Elyvilon
Fedhas
Gozag
Hepliaklqana
Kikubaaqudgha
Makhleb
Nemelex Xobeh
Okawaru
Qazlal
Ru
Sif Muna
Trog
Uskayaw
Vehumet
Wu Jian
Xom
Yredelemnul
Zin

Shops:
D:12 [!*   Orc:2 ?:*(   Vaults:4 =   Vaults:5 [*=:   Depths:3 *

Portals:
Hell: Depths:1 Depths:2 Depths:3 Depths:4
Abyss: Depths:3 Depths:4
Pandemonium: Depths:2
Ziggurat: Depths:3

Annotations:
Elf:1 6 runed translucent doors
Elf:2 3 runed translucent doors
Depths:1 2 transporters
Depths:3 3 runed translucent doors, Whoops's ghost, adept DsFi


Innate Abilities, Weirdness & Mutations

You are immune to sickness and miasma.
Your stone body is resilient. (AC +20)
You are immune to poison.
Your large and strong wings let you fly.
You resist negative energy. (rN+)
You are resistant to electric shocks. (rElec)
You are resistant to unholy torment.
You are immune to petrification.
You have large cloven feet.
Armour fits poorly on your strangely shaped body.
Your body often deteriorates upon taking damage.
You are dopey. (Int -2)
You are strong-willed. (Will+)
Your movements are slightly less encumbered by armour. (ER -2)


Message History

The soul eater is heavily wounded.
Ka-crash!
The soul eater misses you.
You riposte.
You barely miss the soul eater.
The soul eater is heavily wounded.
Casting: Shatter (dangerous; 2% risk of failure)
Confirm with . or Enter, or press ? or * to list all spells.
Aiming: Lehudib's Crystal Spear (dangerous; 2% risk of failure)
Press: ? - help, Shift-Dir - straight line, f - soul eater
Aim: a soul eater (heavily wounded, 83% to hit)
You feel a surge of power!
The crystal spear hits the soul eater!!!
You kill the soul eater!
Vehumet accepts your kill.
You feel your power returning.
Aiming: Dig
Press: ? - help, Shift-Dir - straight line A rock wall.
This square is covered in magical glow.
The rock shatters into small pieces.
A bat comes into view.
The bat barely misses you.
You hit the bat!
You shatter the bat.
You kill the bat!
Vehumet accepts your kill.
You feel your power returning.
You see here a bat corpse.
There is a stone staircase leading up here.
You fly upwards.
There is a stone staircase leading down here.
There is a stone staircase leading up here.
You fly upwards.
There is a stone staircase leading down here.
Aiming: Dig
Press: ? - help, Shift-Dir - straight line You can't see that place. [the floor.]
The rock shatters into small pieces.
There is a staircase leading out of the dungeon here.
You can't go down here!
You have escaped!

.##...#....###.## #.# #.#
.###.##.#.#.##..## #>###.##
.†...#.....>.....# ##.......
.###############'########.####.##
## #........'8.8+........# #.#
#........#...#........###.#
#...⌠....##+##....⌠...#...#
##...................######
######....@....######
#.###.......####### #.#
#########.>...# #.# #####.# #.#
#.# #########.##### #.#
..............# #.#
.....####.###.## #.#
.###.####......# #.#


There were no monsters in sight!

Vanquished Creatures
  the Royal Jelly (Slime:5)
  7 dread liches
  7 ancient liches
  3 orbs of fire (Zot:5)
  2 pandemonium lords (D:9)
  Sojobo (Vaults:4)
  4 Killer Klowns (Zot:5)
  A caustic shrike (Depths:2)
  8 golden dragons
  Jory (Vaults:5)
  6 bone dragons
  A Tzitzimitl (Depths:3)
  3 electric golems
  Jorgrun (Swamp:1)
  A hellephant (Abyss:3)
  Rupert (D:14)
  13 tentacled monstrosities
  The ghost of RivsDCSS the Slayer, an adept MiBe of Trog (Depths:1)
  9 liches
  27 Orb Guardians
  A walking crystal tome (Depths:2)
  An Ice Fiend (Zot:4)
  2 shard shrike skeletons (Crypt:3)
  5 titans
  2 deep elf blademasters (Elf:3)
  2 walking earthen tomes (Depths:3)
  3 deep elf master archers (Elf:3)
  A kraken (Swamp:4)
  6 quicksilver dragons
  15 acid blobs
  5 death cobs
  5 tentacled starspawn
  5 ancient champions
  3 sphinxes
  Kirke (D:12)
  3 thorn hunters (Swamp:3)
  8 shadow dragons
  Roxanne (Swamp:3)
  7 storm dragons
  9 tengu reavers
  Donald (Elf:3)
  A revenant (Crypt:3)
  12 azure jellies
  11 rockslimes (Slime:5)
  2 draconian monks (Depths:4)
  5 fire giants
  A fenstrider witch (Swamp:2)
  7 ghost moths
  3 deep elf sorcerers (Elf:3)
  A daeva (Zot:5)
  2 draconian knights
  An iron dragon (Vaults:5)
  An emperor scorpion (Spider:3)
  Aizul (Spider:2)
  3 curse skulls
  A draconian scorcher (Zot:5)
  21 vault wardens
  7 frost giants
  3 deep elf elementalists (Elf:3)
  13 quicksilver oozes
  4 ghouls (Crypt:3)
  An orc warlord (Orc:2)
  3 spriggan defenders
  A juggernaut skeleton (Depths:3)
  3 reapers (Crypt:1)
  3 war gargoyles (Vaults:5)
  A broodmother (shapeshifter) (Elf:3)
  2 broodmothers (Spider:3)
  A draconian annihilator (Zot:2)
  42 very ugly things
  24 stone giants
  20 ironbound preservers
  2 caustic shrike skeletons (Crypt:3)
  2 black draconians (Zot:2)
  11 ironbound thunderhulks
  5 eleionomae
  15 dire elephants
  5 vampire knights
  Azrael (Spider:1)
  A demonspawn black sun (D:4)
  10 deep elf annihilators
  4 lorocyprocas
  5 red draconians
  A bunyip (shapeshifter) (Vaults:5)
  2 green draconians (Zot:4)
  3 white draconians
  9 deep elf demonologists
  3 spark wasps
  2 yellow draconians (Zot:2)
  6 bunyips
  5 purple draconians
  6 starcursed masses (Abyss:3)
  5 eidola
  3 green deaths
  6 deep elf death magi
  3 crystal guardians (Vaults:2)
  11 ettins
  4 shambling mangroves (Swamp:3)
  Josephine (Spider:1)
  11 great orbs of eyes
  6 deep elf high priests
  4 fire dragons
  5 entropy weavers
  12 yaktaur captains
  Snorg (D:10)
  12 jiangshi
  4 rakshasas
  4 quicksilver dragon skeletons (Crypt:1)
  4 ogre magi (Vaults:5)
  4 spriggan skeletons (Crypt:3)
  A catoblepas (D:13)
  7 centaur warriors
  2 peacekeepers (Vaults:2)
  28 vault guards
  3 ghost crabs
  An anaconda (shapeshifter) (Vaults:1)
  19 hydras
  Erolcha (D:12)
  5 radroaches
  3 spriggan air magi
  12 boulder beetles
  13 ironbound frosthearts
  11 ice dragons
  7 alligators
  A jorogumo (Spider:3)
  2 death knights
  14 two-headed ogres
  A titan zombie (Depths:3)
  A spriggan berserker (Depths:3)
  10 tengu warriors
  6 death yaks (Lair:3)
  4 deep troll shamans
  An orc high priest (Orc:2)
  An azure jelly zombie (Crypt:2)
  4 hell hogs
  8 vampire magi
  23 dancing weapons
  8 deep troll earth magi
  5 thrashing horrors
  11 deep elf knights
  5 sun demons
  3 wretched stars
  26 hell knights
  2 iron trolls
  A skyshark (Lair:5)
  8 soul eaters
  A sixfirhy (Depths:2)
  2 shadow wraiths
  57 skeletal warriors
  2 golden dragon zombies
  5 pharaoh ants
  5 sun moths
  3 swamp dragons
  3 storm dragon skeletons
  A spark wasp zombie (Crypt:3)
  85 deep trolls
  3 goliath frogs
  11 orb spiders
  A deep troll (shapeshifter) (Vaults:5)
  3 glowing orange brains
  2 spriggan druids
  A swamp dragon (shapeshifter) (Vaults:1)
  9 bog bodies
  7 deep elf archers
  5 lindwurms
  4 flayed ghosts
  11 phantasmal warriors
  A glowing orange brain (shapeshifter) (Vaults:4)
  19 ironbound convokers
  13 wizards
  An orange crystal statue (IceCv)
  4 harpies (Vaults:3)
  2 tengu zombies
  An oklob plant (Swamp:3)
  An orb spider (shapeshifter) (Vaults:5)
  An anaconda skeleton (Crypt:3)
  4 golden dragon skeletons
  10 steelbarb worms
  13 orc knights
  2 sphinx zombies
  A bunyip skeleton (Abyss:3)
  13 necromancers
  7 orc sorcerers
  26 deep elf zephyrmancers
  2 wolf spiders (shapeshifter)
  26 deep elf pyromancers
  9 will-o-the-wisps
  2 fire giant zombies (D:15)
  3 manticores
  2 shadow dragon skeletons
  An iron dragon zombie (Depths:3)
  44 ugly things
  22 wolf spiders
  A moth of wrath (shapeshifter) (Vaults:5)
  18 moths of wrath
  2 iron dragon skeletons
  9 shining eyes
  A stone giant skeleton (Crypt:3)
  5 cyclopes
  109 slime creatures
  3 smoke demons (Depths:2)
  A rust devil (Abyss:3)
  2 black mambas (shapeshifter)
  20 vault sentinels
  2 black mambas
  6 elephants (Lair:5)
  An eye of devastation (Slime:3)
  7 torpor snails
  13 demonic crawlers
  14 cane toads
  2 kobold demonologists
  2 centaur skeletons (Crypt:3)
  3 orange demons
  A white draconian zombie (Crypt:1)
  7 storm dragon simulacra (IceCv)
  36 yaktaurs
  6 komodo dragons
  3 unseen horrors
  2 rime drakes
  5 tengu conjurers
  4 freezing wraiths
  A mana viper zombie (Crypt:1)
  2 efreet
  4 ice devils
  An unseen horror skeleton (Crypt:1)
  4 golden dragon simulacra (IceCv)
  A red devil (D:9)
  A bloated husk (Swamp:2)
  7 trolls
  27 tarantellas
  A merfolk (shapeshifter) (D:12)
  3 meliai (Spider:4)
  6 polar bears
  28 hornets
  5 harpy skeletons (Crypt:3)
  6 tyrant leeches
  8 saltlings
  8 raiju (Abyss:3)
  A blink frog (shapeshifter) (D:14)
  13 large abominations
  A fire giant simulacrum (Depths:3)
  2 dream sheep (Lair:5)
  19 blink frogs
  A human simulacrum (Vaults:1)
  A raiju (shapeshifter) (D:13)
  A culicivora zombie (Crypt:2)
  4 fire dragon skeletons (Crypt:1)
  14 flying skulls (Crypt:3)
  15 jumping spiders
  7 shadows
  A vampire (D:11)
  An ettin skeleton (Crypt:3)
  A ynoxinul (Abyss:3)
  19 culicivoras
  26 spriggans
  45 yaks
  9 wraiths
  6 wyverns
  2 basilisks
  3 water elementals
  A fire bat (Abyss:3)
  3 golden eyes
  3 hogs
  11 fire elementals
  19 vampire mosquitoes
  A neqoxec (Depths:2)
  40 redbacks
  A fire bat zombie (Crypt:1)
  8 swamp worms
  3 wargs (Orc:2)
  A wind drake skeleton (Crypt:3)
  3 chaos spawn
  A glowing shapeshifter zombie (Depths:3)
  2 acid dragons
  An entropy weaver zombie (Crypt:3)
  4 hell hounds (Spider:1)
  A floating eye (Slime:2)
  11 small abominations
  A two-headed ogre zombie (Crypt:1)
  5 black bears
  19 water moccasins
  A deep troll skeleton (Crypt:3)
  A naga skeleton (Crypt:3)
  21 orc warriors
  An ice beast (shapeshifter) (Elf:2)
  A sky beast (D:7)
  5 swamp drakes
  19 boggarts
  12 ogres
  5 ice dragon simulacra (IceCv)
  A torpor snail zombie (Crypt:3)
  23 wolves
  A swamp dragon skeleton (Crypt:1)
  13 centaurs
  A phantom (D:5)
  12 kobold brigands
  A rime drake skeleton (Crypt:2)
  7 bullfrogs
  6 gnoll sergeants
  2 scorpions
  A human skeleton (Vaults:5)
  A necrophage (Crypt:3)
  4 earth elementals
  An ogre simulacrum (Vaults:5)
  3 wights (D:6)
  A warg zombie (Crypt:3)
  A glowing shapeshifter simulacrum (Vaults:1)
  3 killer bees (D:10)
  5 lindwurm simulacra (IceCv)
  An oklob sapling (Swamp:3)
  7 howler monkeys
  A raiju skeleton (Crypt:2)
  A polar bear skeleton (Crypt:1)
  A wolf zombie (Crypt:1)
  5 hounds
  12 orc priests
  4 jellies
  A sleepcap (D:6)
  A gnoll bouda (D:4)
  6 iguanas
  13 orc wizards
  A sky beast zombie (Crypt:3)
  An ogre skeleton (Crypt:3)
  An acid dragon skeleton (Crypt:3)
  13 gnolls
  5 adders
  3 shadow imps
  2 worms (D:2)
  3 dart slugs (D:1)
  57 orcs
  3 ball pythons
  7 endoplasms
  A giant cockroach (D:1)
  3 goblins
  4 hobgoblins
  6 jackals
  6 quokkas
  3 bats
  A frilled lizard (D:3)
  19 kobolds
  A kobold zombie (Crypt:2)
  An orc skeleton (Crypt:2)
  5 rats
  A butterfly (Lair:4)
  2 tentacles (Swamp:4)
2376 creatures vanquished.

Vanquished Creatures (others)
  A deep elf master archer (Elf:3)
  A deep elf knight (Elf:1)
  A bloated husk (Swamp:4)
  A tarantella (Spider:1)
  A ynoxinul (D:9)
  A jumping spider (Spider:1)
  3 orcs
  40 foxfires
  14 fulminant prisms
  2 starspawn tentacles (Abyss:3)
  6 tentacles (Swamp:4)
71 creatures vanquished.

Grand Total: 2447 creatures vanquished

Notes
Turn   | Place    | Note
-------+----------+-------------------------------------------
     0 | D:1      | coffeetime the Gargoyle Earth Elementalist began the quest
                  | for the Orb.
     0 | D:1      | Reached XP level 1. HP: 10/10 MP: 3/3
   116 | D:1      | Reached skill level 1 in Fighting
   120 | D:1      | Reached XP level 2. HP: 14/16 MP: 5/5
   411 | D:1      | Reached skill level 4 in Earth Magic
   443 | D:1      | Reached XP level 3. HP: 20/20 MP: 6/6
   844 | D:2      | Reached XP level 4. HP: 23/26 MP: 7/7
  1410 | D:2      | Learned a level 2 spell: Passwall
  1412 | D:2      | Learned a level 1 spell: Summon Small Mammal
  1712 | D:3      | Found a glowing silver altar of Zin.
  2097 | D:4      | Reached XP level 5. HP: 29/31 MP: 6/9
  2319 | D:4      | Found a basalt altar of Yredelemnul.
  2441 | D:4      | Identified the +2 rapier of Fatigue {freeze, Fly rPois
                  | Will-}
  2650 | D:4      | Reached XP level 6. HP: 36/36 MP: 9/11
  2735 | D:4      | Noticed an orc warrior
  2856 | D:5      | Entered Level 5 of the Dungeon
  2885 | D:5      | Reached skill level 5 in Earth Magic
  3199 | D:5      | Reached XP level 7. HP: 41/41 MP: 5/12
  3664 | D:5      | Found an iron altar of Okawaru.
  3746 | D:6      | Found an ancient bone altar of Kikubaaqudgha.
  3869 | D:6      | Found a staircase to the Ecumenical Temple.
  3881 | Temple   | Entered the Ecumenical Temple
  3900 | Temple   | Became a worshipper of Vehumet
  3992 | D:6      | Reached skill level 5 in Spellcasting
  3992 | D:6      | Reached skill level 6 in Earth Magic
  4002 | D:6      | Reached XP level 8. HP: 39/48 MP: 7/15
  4524 | D:6      | Identified the +3 leather armour of Aleh {-Cast Regen+
                  | rCorr SInv}
  4645 | D:7      | Found the necklace of Bloodlust {Fury *Rage Will++ Int-3
                  | Slay+6}
  4655 | D:7      | Reached skill level 7 in Earth Magic
  4697 | D:7      | Learned a level 3 spell: Stone Arrow
  4857 | D:7      | Reached skill level 5 in Fighting
  5021 | D:7      | Reached * piety under Vehumet
  5021 | D:7      | Offered knowledge of Foxfire by Vehumet.
  5022 | D:7      | Reached XP level 9. HP: 54/54 MP: 16/18
  5039 | D:7      | Learned a level 1 spell: Foxfire
  5065 | D:7      | Reached skill level 8 in Earth Magic
  5495 | D:8      | Found a hazy altar of Hepliaklqana.
  5495 | D:8      | Found a blossoming altar of Fedhas.
  5566 | D:8      | Noticed a troll
  5573 | D:8      | Killed a troll
  5574 | D:8      | Reached skill level 1 in Conjurations
  5998 | D:8      | Noticed a two-headed ogre
  6272 | D:9      | Reached skill level 1 in Armour
  6291 | D:9      | Noticed a hornet
  6298 | D:9      | Killed a hornet
  6299 | D:9      | Reached skill level 9 in Earth Magic
  6405 | D:9      | Reached XP level 10. HP: 57/59 MP: 15/22
  6619 | D:9      | Found a sparkling altar of Nemelex Xobeh.
  6679 | D:9      | Learned a level 4 spell: Petrify
  6788 | D:10     | Entered Level 10 of the Dungeon
  6812 | D:10     | Noticed Snorg
  6851 | D:10     | Reached ** piety under Vehumet
  6851 | D:10     | Offered knowledge of Magic Dart by Vehumet.
  7293 | D:9      | Reached skill level 5 in Conjurations
  7608 | D:10     | Reached skill level 10 in Spellcasting
  7735 | D:11     | Noticed a two-headed ogre
  7968 | D:11     | Noticed a kobold demonologist
  7975 | D:11     | Killed a kobold demonologist
  8010 | D:11     | Noticed a manticore
  8025 | D:11     | Noticed a boulder beetle
  8196 | D:12     | Noticed a two-headed ogre
  8231 | D:12     | Killed a two-headed ogre
  8232 | D:12     | Reached skill level 1 in Transmutations
  8232 | D:12     | Reached XP level 11. HP: 63/63 MP: 13/25
  8301 | D:12     | Noticed a boulder beetle
  8341 | D:12     | Killed a boulder beetle
  8413 | D:12     | Noticed Erolcha
  8416 | D:12     | Killed Erolcha
  8417 | D:12     | Reached skill level 10 in Earth Magic
  8518 | D:12     | Noticed a two-headed ogre
  8533 | D:12     | Killed a two-headed ogre
  8606 | D:11     | Killed a two-headed ogre
  8607 | D:11     | Reached skill level 1 in Evocations
  8801 | D:11     | Noticed a boulder beetle
  8812 | D:11     | Killed a boulder beetle
  8865 | D:11     | Noticed a boulder beetle
  8872 | D:11     | Killed a boulder beetle
  8986 | D:11     | Offered knowledge of Inner Flame by Vehumet.
  8991 | D:11     | Learned a level 3 spell: Inner Flame
  9103 | D:11     | Noticed a cyclops
  9124 | D:11     | Killed a cyclops
  9172 | D:10     | Found the +0 pair of fencer's gloves {Riposte Dex+3}
  9177 | D:10     | Killed Snorg
  9400 | D:12     | Found Watoqy's Armour Emporium.
  9400 | D:12     | Found Saditem's Distillery.
  9400 | D:12     | Found Opuig's General Store.
  9402 | D:12     | Bought a +2 cloak for 247 gold pieces
  9443 | D:12     | Noticed Kirke
  9547 | D:12     | Noticed a two-headed ogre
  9572 | D:12     | Killed a two-headed ogre
  9573 | D:12     | Reached XP level 12. HP: 68/68 MP: 14/28
  9720 | D:12     | Killed Kirke
  9907 | D:12     | Reached *** piety under Vehumet
  9991 | D:12     | Learned a level 4 spell: Iskenderun's Mystic Blast
  9995 | D:12     | Learned a level 3 spell: Summon Guardian Golem
 10188 | D:12     | Found a staircase to the Orcish Mines.
 10264 | D:12     | Offered knowledge of Fulminant Prism by Vehumet.
 10286 | Orc:1    | Entered Level 1 of the Orcish Mines
 10478 | Orc:2    | Entered Level 2 of the Orcish Mines
 10478 | Orc:2    | Noticed an orc warlord
 10575 | Orc:2    | Noticed a sun demon
 10782 | D:13     | Noticed a centaur warrior
 10796 | D:13     | Reached skill level 5 in Armour
 10882 | D:13     | Killed a centaur warrior
 10883 | D:13     | Reached skill level 5 in Dodging
 10883 | D:13     | Reached skill level 1 in Fire Magic
 10888 | D:13     | Learned a level 4 spell: Fulminant Prism
 10908 | D:13     | Reached **** piety under Vehumet
 11105 | D:13     | Offered knowledge of Airstrike by Vehumet.
 11111 | D:13     | Learned a level 4 spell: Airstrike
 11153 | D:13     | Noticed a catoblepas
 11167 | D:13     | Killed a catoblepas
 11168 | D:13     | Reached skill level 1 in Air Magic
 11235 | D:13     | Noticed a centaur warrior
 11255 | D:13     | Killed a centaur warrior
 11330 | D:13     | Reached XP level 13. HP: 72/72 MP: 8/30
 11633 | D:14     | Noticed Rupert
 11739 | D:15     | Entered Level 15 of the Dungeon
 11770 | D:14     | HP: 3/72 [skeletal warrior/+0 scimitar (19)]
 11913 | D:13     | Reached skill level 10 in Conjurations
 12179 | D:14     | Noticed an ettin
 12863 | D:8      | Found a staircase to the Lair.
 13074 | D:8      | Reached ***** piety under Vehumet
 13150 | Lair:1   | Entered Level 1 of the Lair of Beasts
 13284 | Lair:1   | Learned a level 6 spell: Starburst
 13490 | Lair:1   | Found a transporter.
 13491 | Lair:1   | Found a transporter.
 13587 | Lair:1   | Offered knowledge of Plasma Beam by Vehumet.
 13647 | Lair:1   | Reached skill level 5 in Stealth
 14115 | Lair:2   | Identified the +0 helmet of Spite {-Cast rC- Str+3 Dex+7
                  | SInv}
 14229 | Lair:2   | Found a hole to the Spider Nest.
 14440 | Lair:2   | Found a staircase to the Swamp.
 15130 | Lair:3   | Learned a level 6 spell: Plasma Beam
 15449 | Lair:3   | Gained mutation: Your large and strong wings let you fly.
                  | [Gargoyle growth]
 15449 | Lair:3   | Reached XP level 14. HP: 80/80 MP: 21/32
 16242 | Lair:3   | Reached skill level 5 in Fire Magic
 16538 | Lair:4   | Identified the +2 robe of Ciseod {+Inv rF- Str+2 Int+6}
 17432 | Lair:5   | Entered Level 5 of the Lair of Beasts
 17467 | Lair:5   | Offered knowledge of Conjure Ball Lightning by Vehumet.
 17567 | Lair:5   | Found a staircase to the Slime Pits.
 17670 | Lair:5   | Identified a scroll of acquirement
 17671 | Lair:5   | Acquired a +0 hat of willpower
 18057 | Lair:5   | Reached skill level 15 in Spellcasting
 18589 | Lair:5   | Reached XP level 15. HP: 92/92 MP: 12/34
 18777 | Lair:5   | Reached skill level 10 in Fighting
 18783 | Lair:5   | Reached skill level 1 in Long Blades
 19395 | Orc:1    | Reached skill level 1 in Shields
 19434 | Orc:1    | Offered knowledge of Fireball by Vehumet.
 19587 | Orc:2    | Found a staircase to the Elven Halls.
 19853 | Orc:2    | Killed an orc warlord
 20383 | Orc:2    | Reached skill level 10 in Fire Magic
 20662 | Orc:2    | Found Fuol Ywk's Book Boutique.
 20682 | Orc:2    | Found Vaghoeta's Weapon Shop.
 20708 | Orc:2    | Found Bokhluelo's Assorted Antiques.
 20714 | Orc:2    | Bought a coral ring for 155 gold pieces
 20734 | Orc:2    | Found Furhecuuv's Magic Scroll Shoppe.
 20740 | Orc:2    | Bought a scroll of identify for 34 gold pieces
 20773 | Orc:2    | Bought a book of the Spheres for 702 gold pieces
 21019 | Swamp:1  | Entered Level 1 of the Swamp
 21023 | Swamp:1  | Reached skill level 5 in Shields
 21041 | Swamp:1  | Noticed Jorgrun
 21165 | Swamp:1  | Killed Jorgrun
 21269 | Swamp:1  | Offered knowledge of Freezing Cloud by Vehumet.
 21363 | Swamp:1  | Reached XP level 16. HP: 97/97 MP: 26/35
 21520 | Swamp:1  | You are sucked into a shaft and drop 1 floor!
 21532 | Swamp:3  | Noticed a thorn hunter
 21535 | Swamp:3  | Killed a thorn hunter
 21541 | Swamp:2  | Reached ****** piety under Vehumet
 22066 | Swamp:2  | Reached skill level 5 in Evocations
 22261 | Swamp:2  | Identified the +1 quarterstaff "Xaone" {drain, Stlth+}
 22459 | Swamp:2  | Noticed a fenstrider witch
 22537 | Swamp:2  | Killed a fenstrider witch
 22638 | Swamp:3  | Noticed a tentacled monstrosity
 22727 | Swamp:3  | Noticed a thorn hunter
 22775 | Swamp:3  | Killed a thorn hunter
 22897 | Swamp:3  | Killed a tentacled monstrosity
 23020 | Swamp:3  | Noticed a thorn hunter
 23026 | Swamp:3  | Killed a thorn hunter
 23380 | Swamp:3  | Identified Roxanne's Papyrus of Transformation
 23380 | Swamp:3  | Noticed Roxanne
 23397 | Swamp:3  | Reached XP level 17. HP: 102/102 MP: 16/38
 23442 | Swamp:3  | Learned a level 7 spell: Orb of Destruction
 23473 | Swamp:3  | Killed Roxanne
 23840 | Swamp:4  | Entered Level 4 of the Swamp
 23842 | Swamp:4  | Noticed a kraken
 24067 | Swamp:4  | Offered knowledge of Spellforged Servitor by Vehumet.
 24151 | Swamp:4  | Reached XP level 18. HP: 107/107 MP: 33/39
 24714 | Swamp:4  | Identified the +9 short sword of Filigreed Honour
                  | {antimagic, rN+}
 24780 | Swamp:4  | Noticed a tentacled monstrosity
 24784 | Swamp:4  | Killed a tentacled monstrosity
 25031 | Swamp:4  | Learned a level 8 spell: Ignition
 25294 | Swamp:4  | Got a decaying rune of Zot
 25639 | D:12     | Bought a scroll of teleportation for 48 gold pieces
 25639 | D:12     | Bought a +1 cloak of preservation for 264 gold pieces
 25639 | D:12     | Bought 2 potions of heal wounds for 160 gold pieces
 25817 | D:14     | Paralysed by Rupert for 2 turns
 25909 | D:14     | Killed Rupert
 26163 | D:14     | Found an ornate altar of the Wu Jian Council.
 26331 | D:14     | Found a gate to the Vaults.
 26517 | D:15     | Found a staircase to the Depths.
 26662 | D:15     | Found a radiant altar of Vehumet.
 27041 | D:15     | Offered knowledge of Irradiate by Vehumet.
 27474 | Elf:1    | Entered Level 1 of the Elven Halls
 28097 | Elf:1    | Reached skill level 15 in Fire Magic
 28309 | Elf:1    | Reached XP level 19. HP: 83/113 MP: 32/41
 28707 | Elf:1    | Found a runed translucent gate.
 28707 | Elf:1    | Found a runed translucent gate.
 28707 | Elf:1    | Found a runed translucent gate.
 28707 | Elf:1    | Found a runed translucent gate.
 28707 | Elf:1    | Found a runed translucent gate.
 28709 | Elf:1    | Found a runed translucent gate.
 29863 | Elf:2    | Found a runed translucent gate.
 29863 | Elf:2    | Found a runed translucent gate.
 29863 | Elf:2    | Found a runed translucent gate.
 30152 | Elf:3    | Entered Level 3 of the Elven Halls
 30201 | Elf:3    | Found a frozen archway.
 30251 | IceCv    | Entered an ice cave
 30290 | IceCv    | Offered knowledge of Iron Shot by Vehumet.
 30301 | IceCv    | Got the Omnibus of Cankerous Anthracomancy
 30484 | IceCv    | Noticed a golden dragon
 30495 | IceCv    | Killed a golden dragon
 30528 | IceCv    | Identified the ring of Beanuf {*Slow Will+ Str+3 Dex+7}
 30621 | IceCv    | Learned a level 6 spell: Iron Shot
 30751 | Elf:3    | Noticed Donald
 30754 | Elf:3    | Killed Donald
 31314 | Elf:3    | Reached skill level 10 in Dodging
 31733 | Elf:3    | Identified the ring of Recklessness {+Blink rC+ Dex-4
                  | Slay+2 SInv}
 31735 | Elf:3    | Identified the ring "Ariulia" {Will+ Dex+2 Stlth+}
 31737 | Elf:3    | Reached XP level 20. HP: 104/122 MP: 23/42
 31784 | Elf:3    | Identified the +0 robe of the Serpent {Will+ Dex+3}
 31784 | Elf:3    | Identified the ring "Koilikiwi" {AC+4 Int+3}
 31922 | Elf:3    | Identified the +1 mace of Fuskuiq {holy, rElec Int+2}
 32030 | Elf:3    | Found the +3 Mad Mage's Maulers {Infuse+∞ VampMP -Cast}
 32044 | Elf:3    | Got Nacyen's Writings on the Missiles
 32061 | Elf:3    | Identified the staff of poison "Pakisi" {rPois Str+6 SInv}
 32065 | Elf:3    | Identified the staff of air "Lalaza" {rElec Will+}
 32530 | Spider:1 | Entered Level 1 of the Spider Nest
 32852 | Spider:1 | Noticed Josephine
 32855 | Spider:1 | Killed Josephine
 33037 | Spider:1 | Noticed Azrael
 33048 | Spider:1 | Killed Azrael
 33300 | Spider:1 | Reached skill level 1 in Hexes
 33882 | Spider:2 | Offered knowledge of Lehudib's Crystal Spear by Vehumet.
 33882 | Spider:2 | Offered knowledge of Shatter by Vehumet.
 33882 | Spider:2 | Offered knowledge of Maxwell's Capacitive Coupling by
                  | Vehumet.
 34166 | Spider:2 | Noticed Aizul
 34194 | Spider:2 | Killed Aizul
 35726 | Spider:4 | Entered Level 4 of the Spider Nest
 36279 | Spider:3 | Reached skill level 11 in Earth Magic
 37031 | Spider:3 | Identified the +5 morningstar of Yesterday {freeze, Dex+3}
 37141 | Spider:4 | Reached skill level 12 in Earth Magic
 37525 | Spider:4 | Reached skill level 13 in Earth Magic
 37731 | Spider:3 | Reached XP level 21. HP: 118/127 MP: 24/44
 37974 | Spider:4 | Reached skill level 14 in Earth Magic
 38491 | Spider:4 | Got a gossamer rune of Zot
 38861 | Vaults:1 | Entered Level 1 of the Vaults
 38961 | Vaults:1 | Learned a level 5 spell: Yara's Violent Unravelling
 39054 | Vaults:1 | Reached skill level 15 in Earth Magic
 39324 | Vaults:1 | Identified the +0 ring mail "Sezev" {+Inv rElec rCorr
                  | Str-5}
 39391 | Vaults:1 | Reached skill level 16 in Earth Magic
 40183 | Vaults:1 | Reached skill level 17 in Earth Magic
 41013 | Vaults:1 | Reached skill level 18 in Earth Magic
 41069 | Vaults:1 | Learned a level 8 spell: Lehudib's Crystal Spear
 41505 | Vaults:2 | Reached skill level 19 in Earth Magic
 41766 | Vaults:2 | Reached XP level 22. HP: 132/132 MP: 30/45
 41909 | Vaults:2 | Reached skill level 20 in Earth Magic
 42840 | Vaults:3 | Reached skill level 21 in Earth Magic
 43331 | Vaults:3 | Found a staircase to the Crypt.
 43469 | Vaults:3 | Learned a level 9 spell: Shatter
 44943 | Slime:1  | Entered Level 1 of the Pits of Slime
 45960 | Slime:5  | Entered Level 5 of the Pits of Slime
 46016 | Slime:4  | Reached XP level 23. HP: 133/136 MP: 25/48
 46089 | Slime:5  | Noticed the Royal Jelly
 46243 | Slime:5  | Gained mutation: You occasionally shout uncontrollably at
                  | your foes. [a shining eye]
 46244 | Slime:5  | Gained mutation: Your spells are a little easier to cast,
                  | but a little less powerful. [a shining eye]
 46290 | Slime:4  | Lost mutation: You occasionally shout uncontrollably at
                  | your foes. [potion of mutation]
 46290 | Slime:4  | Lost mutation: Your spells are a little easier to cast, but
                  | a little less powerful. [potion of mutation]
 46290 | Slime:4  | Gained mutation: Your spells are a little easier to cast,
                  | but a little less powerful. [potion of mutation]
 46317 | Slime:5  | Gained mutation: You are dopey. (Int -2) [a shining eye]
 46320 | Slime:5  | Reached skill level 22 in Earth Magic
 46322 | Slime:5  | Gained mutation: Potions are less effective at restoring
                  | your health. [a shining eye]
 46525 | Slime:4  | Lost mutation: Potions are less effective at restoring your
                  | health. [potion of mutation]
 46525 | Slime:4  | Lost mutation: You are dopey. (Int -2) [potion of mutation]
 46525 | Slime:4  | Lost mutation: Your spells are a little easier to cast, but
                  | a little less powerful. [potion of mutation]
 46525 | Slime:4  | Gained mutation: Your spells are a little harder to cast,
                  | but a little more powerful. [potion of mutation]
 46525 | Slime:4  | Gained mutation: You are frail. (-10% HP) [potion of
                  | mutation]
 46525 | Slime:4  | Gained mutation: You are strong-willed. (Will+) [potion of
                  | mutation]
 46580 | Slime:5  | Gained mutation: Your magical capacity is low. (-10% MP) [a
                  | shining eye]
 46594 | Slime:5  | Killed the Royal Jelly
 46623 | Slime:5  | Found the +18 Lear's hauberk
 46624 | Slime:5  | Identified the +9 demon whip "Giant's Toothpick" {drain,
                  | rF++ rCorr MP-9 SInv}
 46669 | Slime:5  | Identified the +1 spear "Hydraslayer" {heavy, Fragile rElec
                  | Int+3 Dex+3}
 46675 | Slime:5  | Identified the +1 halberd of the Endless Expanse {vamp,
                  | rF++ Int+3}
 46678 | Slime:5  | Identified the +1 great sword of the Volcano {elec, Int+2}
 46744 | Slime:5  | Got a slimy rune of Zot
 46747 | Slime:5  | Identified the staff of fire "Qeusithre" {rElec rF+}
 46901 | Slime:5  | Identified the staff of air "Fuisimmo" {rElec rC- Int+3
                  | Stlth+}
 46903 | Slime:5  | Identified the +1 whip "Fimaun" {venom, Fly}
 47059 | Lair:5   | Acquired the amulet of the Median {Acrobat rF+ Stlth+}
 47074 | Lair:5   | Lost mutation: You are strong-willed. (Will+) [potion of
                  | mutation]
 47074 | Lair:5   | Lost mutation: Your spells are a little harder to cast, but
                  | a little more powerful. [potion of mutation]
 47074 | Lair:5   | Gained mutation: You sometimes lose your temper in combat.
                  | [potion of mutation]
 47074 | Lair:5   | Gained mutation: Your body sometimes deteriorates upon
                  | taking damage. [potion of mutation]
 47074 | Lair:5   | Gained mutation: You occasionally shout uncontrollably at
                  | your foes. [potion of mutation]
 47075 | Lair:5   | Lost mutation: Your body sometimes deteriorates upon taking
                  | damage. [potion of mutation]
 47075 | Lair:5   | Lost mutation: You are frail. (-10% HP) [potion of
                  | mutation]
 47075 | Lair:5   | Lost mutation: Your magical capacity is low. (-10% MP)
                  | [potion of mutation]
 47075 | Lair:5   | Gained mutation: Your body sometimes deteriorates upon
                  | taking damage. [potion of mutation]
 47075 | Lair:5   | Gained mutation: You are strong-willed. (Will+) [potion of
                  | mutation]
 47075 | Lair:5   | Gained mutation: You occasionally lose the ability to read
                  | scrolls when taking damage. [potion of mutation]
 47075 | Lair:5   | Gained mutation: You have hidden genetic potential. [potion
                  | of mutation]
 47076 | Lair:5   | Lost mutation: You have hidden genetic potential. [potion
                  | of mutation]
 47076 | Lair:5   | Lost mutation: You occasionally shout uncontrollably at
                  | your foes. [potion of mutation]
 47076 | Lair:5   | Gained mutation: You do not regenerate when monsters are
                  | visible. [potion of mutation]
 47077 | Lair:5   | Lost mutation: You sometimes lose your temper in combat.
                  | [potion of mutation]
 47077 | Lair:5   | Lost mutation: You are strong-willed. (Will+) [potion of
                  | mutation]
 47077 | Lair:5   | Lost mutation: Your body sometimes deteriorates upon taking
                  | damage. [potion of mutation]
 47077 | Lair:5   | Gained mutation: Armour fits poorly on your strangely
                  | shaped body. [potion of mutation]
 47077 | Lair:5   | Gained mutation: You have large cloven feet. [potion of
                  | mutation]
 47078 | Lair:5   | Lost mutation: You occasionally lose the ability to read
                  | scrolls when taking damage. [potion of mutation]
 47078 | Lair:5   | Lost mutation: You do not regenerate when monsters are
                  | visible. [potion of mutation]
 47078 | Lair:5   | Gained mutation: Your body sometimes deteriorates upon
                  | taking damage. [potion of mutation]
 47078 | Lair:5   | Gained mutation: Your movements are slightly less
                  | encumbered by armour. (ER -2) [potion of mutation]
 47078 | Lair:5   | Gained mutation: You are strong-willed. (Will+) [potion of
                  | mutation]
 47508 | Orc:2    | Bought a scroll of fear for 68 gold pieces
 47508 | Orc:2    | Bought a scroll of immolation for 68 gold pieces
 47531 | Orc:2    | Bought a knobbly granite ring for 155 gold pieces
 47549 | Orc:2    | Bought a There-And-Back Book for 390 gold pieces
 47655 | D:12     | Bought a potion of heal wounds for 65 gold pieces
 47655 | D:12     | Bought a potion of lignification for 39 gold pieces
 47655 | D:12     | Bought a potion of might for 52 gold pieces
 47823 | Vaults:1 | Upgraded the game from 0.30.0-30-g96aa6591b8 to 0.30.1
 48233 | Vaults:4 | Reached skill level 23 in Earth Magic
 48372 | Vaults:4 | Noticed a golden dragon
 48376 | Vaults:4 | Killed a golden dragon
 48416 | Vaults:4 | Found Kumudax's Jewellery Shop.
 48424 | Vaults:4 | Bought the ring "Ragget" {rElec Int+3 Dex+6} for 844 gold
                  | pieces
 48682 | Vaults:4 | Noticed Sojobo
 48691 | Vaults:4 | Killed Sojobo
 49274 | Vaults:5 | Entered Level 5 of the Vaults
 49277 | Vaults:5 | Reached XP level 24. HP: 142/142 MP: 48/48
 49277 | Vaults:5 | Noticed a dread lich
 49279 | Vaults:5 | Killed a dread lich
 49285 | Vaults:5 | Noticed an ancient lich
 49289 | Vaults:5 | Killed an ancient lich
 49545 | Vaults:5 | Reached skill level 15 in Fighting
 49897 | Vaults:5 | Identified the +6 long sword "Zoarom" {heavy, Drain Fly rN+
                  | Will+}
 50091 | Vaults:5 | Learned a level 2 spell: Blink
 50228 | Vaults:5 | Noticed Jory
 50233 | Vaults:5 | Killed Jory
 50640 | Vaults:5 | Found Minashri's Antique Armour Shop.
 50651 | Vaults:5 | Bought a steaming robe for 171 gold pieces
 50651 | Vaults:5 | Identified the +1 robe "Kusir" {Harm Drain rPois rN+++
                  | Will-} (You bought it in a shop on level 5 of the Vaults)
 50653 | Vaults:5 | Noticed a dread lich
 50664 | Vaults:5 | Killed a dread lich
 50667 | Vaults:5 | Found Niryim's General Store.
 50689 | Vaults:5 | Got a silver rune of Zot
 50719 | Vaults:5 | Found Gasagett's Book Emporium.
 50728 | Vaults:5 | Found Jerez's Jewellery Boutique.
 51240 | Crypt:1  | Entered Level 1 of the Crypt
 51278 | Crypt:1  | Reached skill level 1 in Translocations
 51285 | Crypt:1  | Reached XP level 25. HP: 156/156 MP: 31/48
 53135 | Crypt:2  | Identified the +9 flail of the Shore {pain, SInv}
 53477 | Crypt:2  | Learned a level 5 spell: Summon Forest
 53486 | Crypt:3  | Entered Level 3 of the Crypt
 53772 | Crypt:3  | Reached skill level 5 in Translocations
 53904 | Crypt:3  | Identified the ring "Bycroske" {Contam rElec rPois rN+
                  | Will+}
 54035 | Crypt:3  | Identified the +6 scimitar "Ucvef" {drain, Fly rPois}
 54224 | Crypt:3  | Found a basalt altar of Yredelemnul.
 54235 | Crypt:3  | Noticed a dread lich
 54240 | Crypt:3  | Killed a dread lich
 54634 | Crypt:3  | Identified the +5 flail "Lisakon" {flame, rN++}
 54768 | Crypt:3  | Identified the +1 robe "Jownahap" {Regen+ Int+6}
 54799 | Crypt:3  | Found a staircase to the Tomb.
 55181 | Crypt:3  | Identified the ring of the Stallion {rN+ rCorr Str+3 Dex+3}
 55555 | Depths:1 | Entered Level 1 of the Depths
 55560 | Depths:1 | Reached XP level 26. HP: 168/168 MP: 31/48
 55936 | Depths:1 | Found a gateway to Hell.
 56287 | Depths:1 | Found a runed translucent gate.
 56287 | Depths:1 | Found a runed translucent gate.
 56457 | Depths:1 | Found a transporter.
 56481 | Depths:1 | Found a runed translucent gate.
 56483 | Depths:1 | Noticed RivsDCSS's ghost (adept MiBe)
 56499 | Depths:1 | Killed RivsDCSS's ghost
 56509 | Depths:1 | Identified the +2 cloak of the Earth {rF++ Stlth+}
 56510 | Depths:1 | Identified the +2 pair of boots "Leicvyd" {rN+}
 56918 | Depths:1 | Found a transporter.
 56922 | Depths:1 | Identified the ring "Noriss" {rElec rPois rCorr AC+4 Str-5}
 57030 | Depths:2 | Reached skill level 15 in Dodging
 57904 | Depths:2 | Found a one-way gate leading to the halls of Pandemonium.
 57933 | Depths:2 | Reached skill level 1 in Staves
 58119 | Depths:2 | Reached skill level 1 in Summonings
 58331 | Depths:3 | Found a one-way gateway to a ziggurat.
 58946 | Depths:3 | Identified the staff of air "Favyng" {rElec rPois rF+ rC++
                  | Dex-2}
 59004 | Depths:3 | Found Sisseott's Gadget Gallery.
 59209 | Depths:3 | Found a broken altar of Ashenzari.
 59268 | Depths:3 | Found a runed translucent gate.
 59269 | Depths:3 | Found a runed translucent gate.
 59269 | Depths:3 | Found a runed translucent gate.
 59269 | Depths:3 | Noticed Whoops's ghost (adept DsFi)
 59374 | Depths:3 | Found a one-way gate to the infinite horrors of the Abyss.
 59430 | Depths:3 | Reached XP level 27. HP: 172/173 MP: 43/49
 59840 | Depths:3 | Voluntarily entered the Abyss.
 59882 | Abyss:2  | Found a corrupted altar of Lugonu.
 59917 | Abyss:3  | Found a corrupted altar of Lugonu.
 60317 | Abyss:3  | Got an abyssal rune of Zot
 60496 | Depths:3 | Escaped the Abyss
 60569 | Depths:4 | Entered Level 4 of the Depths
 61136 | Depths:4 | Found a gate to the Realm of Zot.
 61222 | Depths:4 | Learned a level 3 spell: Swiftness
 61228 | Depths:4 | Learned a level 5 spell: Iskenderun's Battlesphere
 61830 | Zot:1    | Entered Level 1 of the Realm of Zot
 61908 | Zot:2    | Reached skill level 24 in Earth Magic
 62731 | Zot:2    | Learned a level 5 spell: Borgnjor's Vile Clutch
 63118 | Zot:5    | Entered Level 5 of the Realm of Zot
 63699 | Zot:5    | Noticed an ancient lich
 63705 | Zot:5    | Killed an ancient lich
 63747 | Zot:5    | Noticed an orb of fire
 63750 | Zot:5    | Gained mutation: You are dopey. (Int -2) [an orb of fire]
 63755 | Zot:5    | Killed an orb of fire
 63844 | Zot:5    | Noticed a dread lich
 63849 | Zot:5    | Killed a dread lich
 63910 | Zot:5    | Reached skill level 25 in Earth Magic
 63995 | Zot:5    | Noticed an ancient lich
 63996 | Zot:5    | Killed an ancient lich
 64102 | Zot:5    | Noticed an orb of fire
 64228 | Zot:5    | Noticed an ancient lich
 64238 | Zot:5    | Killed an ancient lich
 64257 | Zot:5    | Noticed an ancient lich
 64260 | Zot:5    | Noticed an orb of fire
 64265 | Zot:5    | Killed an ancient lich
 64314 | Zot:5    | Killed an orb of fire
 64314 | Zot:5    | Noticed an ancient lich
 64318 | Zot:5    | Gained mutation: Your body often deteriorates upon taking
                  | damage. [an orb of fire]
 64320 | Zot:5    | Killed an orb of fire
 64344 | Zot:5    | Killed an ancient lich
 64571 | Zot:5    | Noticed an ancient lich
 64574 | Zot:5    | Killed an ancient lich
 64577 | Zot:5    | Noticed a dread lich
 64579 | Zot:5    | Killed a dread lich
 64580 | Zot:5    | Noticed a dread lich
 64583 | Zot:5    | Killed a dread lich
 64655 | Zot:5    | Reached skill level 26 in Earth Magic
 64747 | Zot:5    | Noticed a dread lich
 64750 | Zot:5    | Killed a dread lich
 64789 | Zot:5    | Got the Orb of Zot
 65254 | D:9      | Noticed Ysmiteah the pandemonium lord
 65259 | D:9      | Noticed Pionn the pandemonium lord
 65307 | D:10     | Noticed a seraph
 65424 | D:9      | Killed Pionn the pandemonium lord
 65432 | D:9      | Killed Ysmiteah the pandemonium lord
 65646 | D:$      | Escaped with the Orb!

Illustrated notes

Levels and vault maps discovered:
D:1:      giann_wishing_wells, layout_loops_ring
D:2:      layout_loops_ring
D:3:      layout_basic, marbit_many_paths, hex_large
D:4:      layout_loops_ring, lemuel_crystal_altar
D:5:      layout_layer_cave, lemuel_crystal_altar, mainiacjoe_overflow_alcove_2
D:6:      layout_cave_pools, nicolae_kikubaaqudgha_miasma_corner,
          minmay_temple_entry_slanted
D:7:      layout_rooms
D:8:      layout_cave_pools, grunt_temple_overflow_open,
          minmay_lair_entry_grove, special_room [special_room_kobold],
          serial_column_ruins, column_ruins_hut_water, column_ruins_open_tiny,
          column_ruins_open_medium, column_ruins_corridor_corner
D:9:      layout_loops_cross, lemuel_coloured_pillars_altar
D:10:     layout_roguey, uniq_snorg
D:11:     layout_loops_corners
D:12:     layout_long_grid, kennysheep_orc_monster_closet_entryway,
          nicolae_shop_distant_corner_stores, minivault_10, nrook_loot_triangle,
          uniq_erolcha, uniq_kirke
D:13:     minmay_wizard_corner, layout_basic
D:14:     layout_cave_pools, david_vaults_4, nicolae_wu_jian_glorious_leap,
          uniq_rupert
D:15:     gammafunk_depths_entry_grave, layout_rooms, nrook_mini_vaults,
          minivault_16, nicolae_vehumet_radiance
Temple:   eino_temple_water
Lair:1:   gammafunk_boulding_lane, layout_loops_ring, lemuel_fruit_fields,
          lemuel_fruit_tree
Lair:2:   layout_regular_city, minmay_swamp_entry_reptiles,
          nicolae_spider_entry_orb_guardian
Lair:3:   layout_cave_pods
Lair:4:   dreamdust_cave_troll, layout_concentric_octagons, grunt_megastairs_2,
          lemuel_fruit_fields
Lair:5:   minmay_lair_end_enchanted_forest, layout_regular_city, slime_entry_1,
          grunt_megastairs_5
Swamp:1:  layout_basic_swamp, evilmike_swamp_ruin_wall, swamp_pool1,
          infiniplex_staircase_pool, uniq_jorgrun
Swamp:2:  layout_basic_swamp, serial_swamp_ruin, evilmike_swamp_ruin_house_5,
          evilmike_swamp_ruin_house_1, swamp_pool4
Swamp:3:  nicolae_swamp_phyte_club, layout_falls_marsh,
          evilmike_swamp_ruin_house_2, swamp_pool5, uniq_roxanne
Swamp:4:  swamp_vile, layout_basic_swamp, swamp_pool2,
          nicolae_swamp_thats_no_hydra
Spider:1: layout_spider_delve, uniq_azrael, uniq_josephine
Spider:2: layout_chambers, uniq_aizul
Spider:3: nicolae_spider_hilbert_zone_1 [nicolae_spider_hilbert_4_sides_1_open,
          nicolae_spider_hilbert_4_sides_1_open,
          nicolae_spider_hilbert_4_sides_1_open,
          nicolae_spider_hilbert_4_sides_1_open,
          nicolae_spider_hilbert_3_sides_1_open,
          nicolae_spider_hilbert_3_sides_1_open,
          nicolae_spider_hilbert_3_sides_1_open,
          nicolae_spider_hilbert_3_sides_1_open,
          nicolae_spider_hilbert_3_sides_1_open,
          nicolae_spider_hilbert_6_sides_1_open,
          nicolae_spider_hilbert_6_sides_1_open,
          nicolae_spider_hilbert_3_sides_1_open,
          nicolae_spider_hilbert_3_sides_1_open,
          nicolae_spider_hilbert_3_sides_1_open,
          nicolae_spider_hilbert_3_sides_1_open,
          nicolae_spider_hilbert_2_sides_1_open], spiders_nest_the_unseen
Spider:4: hellmonk_spider_rune_bug_friends
Slime:1:  layout_caves
Slime:2:  cheibrodos_slime_lost_civilization_2, layout_caves
Slime:3:  cheibrodos_slime_lost_civilization_3, layout_caves,
          nicolae_slime_getting_an_eyeful
Slime:4:  layout_caves
Slime:5
Orc:1:    layout_caves
Orc:2:    hellmonk_orc_salted, layout_caves, elves_outpost_lemuel
Elf:1:    layout_geoelf_diagonals, hangedman_elf_represent, grunt_ministairs_15,
          orc_legates
Elf:2:    elven_hall_of_blades_hangedman_original [nicolae_blade_tridents],
          layout_geoelf_grid, uniq_agnes
Elf:3:    minmay_elf_hall_circle, layout_geoelf_grid,
          portal_ice_cave_entry_pillars_2, uniq_donald
Vaults:1: nicolae_vaults_network_square, nicolae_vaults_closet_pinwheel_3,
          v_misc_27, ontoclasm_vaults_hangar, nicolae_vaults_diagonal_hallway_7,
          ontoclasm_vaults_spin, v_misc_15, v_misc_4,
          nicolae_vaults_closet_pinwheel_6, nicolae_vaults_trapezoid_lopsided_3,
          nicolae_vaults_murder_corner, ontoclasm_vaults_fault,
          nicolae_vaults_house_3, nicolae_vaults_shelves_hall,
          layout_vaults_chaotic_city
Vaults:2: nicolae_vaults_security_offices_5, vaults_mumra_hex, v_misc_30,
          vaults_standard_mumra_x, v_misc_23, v_misc_5, nicolae_vaults_theta,
          nicolae_vaults_tetromino_T_1, nicolae_vaults_stairing_the_circle,
          v_misc_18, vaults_room_ringed_pool, layout_vaults_omnibox
Vaults:3: nicolae_vaults_wrenched, nicolae_vaults_trapezoid_lopsided_4,
          ontoclasm_vaults_hangar, v_misc_16, vaults_dpeg_emergency_exit,
          hangedman_vaults_restitches, nicolae_vaults_yaktaur_gun_rack,
          nicolae_vaults_house_2, nicolae_vaults_octothorpe,
          vaults_mumra_chevron, ontoclasm_vaults_chip, vaults_dpeg_encased_lava,
          layout_vaults_quadrants
Vaults:4: vaults_standard_mumra_lines, grunt_vaults_swirl,
          vaults_standard_mumra_enter_the_diamond,
          nicolae_vaults_heart-shaped_vault, nicolae_vaults_double_plus_1,
          v_misc_27, nicolae_vaults_arrows, nicolae_vaults_house_3,
          nicolae_vaults_trapezoid_lopsided_1, v_misc_24,
          nicolae_vaults_surprise_closet_hard, vaults_room_hallway,
          layout_vaults_maze, serial_shops, shop, uniq_sojobo
Vaults:5: serial_shops, uniq_jory
Crypt:1:  cheibrodos_crypt_draghalla, layout_regular_city
Crypt:2:  layout_chaotic_city
Crypt:3:  church_of_pain_bobbens, layout_chaotic_city
Depths:1: layout_long_grid, gammafunk_ghost_tricky_traps, pf_coc_iceberg,
          chequers_serial_rivers_small_3, hangedman_decor_clover_reticule,
          nicolae_diode_stairs
Depths:2: minmay_diamond_stairs, layout_gridville, hellmouth_3,
          minmay_misc_feat_chi, grunt_pan_entry_spiral, infiniplex_staircase_x
Depths:3: minmay_the_grid_triangle_9x9_recursive_2_mashed
          [minmay_the_grid_triangle_9x9_prize_schism,
          minmay_the_grid_triangle_9x9_impossible_snake,
          minmay_the_grid_triangle_9x9_skeleton,
          minmay_the_grid_triangle_9x9_sparse_checkered], layout_honeycomb,
          enter_ziggurat_c, abyss_entry, hell_entry,
          biasface_ghost_demon_polymorph, ashenzari_conservatory_becter,
          nicolae_shop_gadgets
Depths:4: evilmike_zot_entry_round, layout_gridlike, hell_entry,
          minmay_room_of_horrors, serial_curves, eino_curves_03, eino_curves_02,
          corner_web_ring
Zot:1:    layout_basic, gammafunk_ghost_wrathful_warriors
Zot:2:    layout_concentric_octagons, gammafunk_ghost_abyssal_escape,
          hangedman_spider_trapstep
Zot:3:    layout_concentric_octagons, hangedman_zot_spectrum
Zot:4:    layout_basic, hangedman_spider_trapstep
Zot:5:    layout_basic, grunt_ministairs_1

Skill      XL: |  1  2  3  4  5  6  7  8  9 10 11 12 13 14 15 16 17 18 19 20 21 22 23 24 25 26 27 |
---------------+----------------------------------------------------------------------------------+-----
Fighting       | 1 2 3 5 6 9 10 12 15 18 | 18.0
Earth Magic    | 4 5 6 7 9 10 13 19 21 23 26 | 26.5
Dodging        | 2 3 4 5 11 12 13 16 | 16.0
Spellcasting   | 3 5 6 8 10 12 13 14 15 17 18 19 21 22 25 | 25.9
Stealth        | 3 4 5 6 |  6.3
Conjurations   | 3 6 8 11 13 | 13.1
Armour         | 1 2 4 5 7 8 |  8.1
Transmutations | 1 2 |  2.3
Evocations     | 2 3 5 7 8 |  8.0
Fire Magic     | 2 4 7 11 12 15 17 | 17.1
Air Magic      | 2 3 4 |  4.0
Long Blades    | 1 |  1.1
Shields        | 7 |  7.0
Hexes          | 2 |  2.0
Translocations | 2 6 |  6.1
Staves         | 1 |  1.0
Summonings     | 3 |  3.3
Polearms       | |  0.1
Necromancy     | |  0.2
Ice Magic      | |  0.2
Poison Magic   | |  0.2
Invocations    | |  0.2

Action                     |  1- 3 |  4- 6 |  7- 9 | 10-12 | 13-15 | 16-18 | 19-21 | 22-24 | 25-27 || total
---------------------------+-------+-------+-------+-------+-------+-------+-------+-------+-------++-------
  Melee: Hand axe          |    37 |       |       |       |       |       |       |       |       ||    37
         Punch             |     1 |     1 |       |       |     8 |       |       |       |       ||    10
         Whip              |     8 |    81 |    26 |       |       |       |       |       |       ||   115
         Rapier            |       |    17 |     4 |     9 |       |       |       |       |       ||    30
         Trident           |       |       |       |     7 |       |       |       |       |       ||     7
         Spear             |       |       |       |       |   351 |       |       |       |       ||   351
         Staff             |       |       |       |       |     9 |     2 |    74 |    12 |    91 ||   188
         Long sword        |       |       |       |       |    95 |    68 |     1 |       |       ||   164
   Fire: Shortbow          |       |       |    74 |   135 |     8 |       |       |       |       ||   217
  Throw: Dart              |       |       |       |     3 |    28 |     1 |       |       |       ||    32
   Cast: Sandblast         |    19 |    52 |    69 |       |       |       |       |       |       ||   140
         Stone Arrow       |       |       |    41 |   270 |   435 |    12 |       |       |       ||   758
         Petrify           |       |       |       |    16 |     2 |       |       |       |       ||    18
         Summon Small Mamm |       |       |       |     1 |       |     1 |       |       |       ||     2
         Foxfire           |       |       |       |     4 |       |       |       |     1 |       ||     5
         Inner Flame       |       |       |       |     1 |     1 |       |       |       |       ||     2
         Iskenderun's Myst |       |       |       |     7 |    18 |    29 |   131 |    22 |    35 ||   242
         Summon Guardian G |       |       |       |     1 |     3 |     5 |     3 |       |       ||    12
         Fulminant Prism   |       |       |       |       |    11 |       |     3 |       |       ||    14
         Airstrike         |       |       |       |       |    12 |     5 |       |       |       ||    17
         Starburst         |       |       |       |       |    47 |    55 |     1 |       |       ||   103
         Plasma Beam       |       |       |       |       |    73 |   239 |   325 |   197 |   207 ||  1041
         Orb of Destructio |       |       |       |       |       |    54 |    52 |    46 |    67 ||   219
         Ignition          |       |       |       |       |       |     3 |   155 |   134 |    64 ||   356
         Iron Shot         |       |       |       |       |       |       |    62 |     1 |       ||    63
         Lehudib's Crystal |       |       |       |       |       |       |    12 |    76 |   357 ||   445
         Shatter           |       |       |       |       |       |       |       |    86 |   127 ||   213
         Yara's Violent Un |       |       |       |       |       |       |       |     1 |     4 ||     5
         Blink             |       |       |       |       |       |       |       |       |     3 ||     3
Ability: Evoke Blink       |       |       |       |       |       |       |       |     2 |     2 ||     4
  Evoke: Wand              |       |       |       |     1 |     4 |       |     1 |     3 |    27 ||    36
         Lightning rod     |       |       |       |       |       |       |       |     2 |       ||     2
    Use: Scroll            |       |     7 |     7 |     8 |     9 |     9 |    11 |     6 |    13 ||    70
         Potion            |       |       |     1 |     2 |       |     4 |     1 |    17 |    35 ||    60
   Stab: Sleeping          |       |     1 |       |       |     1 |       |       |       |       ||     2
 Armour: Robe              |    24 |    49 |    64 |       |       |       |       |       |       ||   137
         Troll leather arm |       |       |    16 |   147 |   653 |   224 |   193 |   113 |       ||  1346
         Quicksilver drago |       |       |       |       |       |       |       |    11 |   369 ||   380
  Dodge: Dodged            |    43 |    83 |   110 |   261 |   694 |   131 |   185 |   123 |   318 ||  1948
         Repelled          |       |       |       |       |       |       |       |     4 |     2 ||     6
  Block: Buckler           |       |       |       |       |    52 |    98 |    71 |       |       ||   221
Riposte: Rapier            |       |       |       |     2 |       |       |       |       |       ||     2
         Trident           |       |       |       |     2 |       |       |       |       |       ||     2
         Spear             |       |       |       |       |   152 |       |       |       |       ||   152
         Staff             |       |       |       |       |    31 |    25 |    52 |    17 |    61 ||   186
         Long sword        |       |       |       |       |    23 |    15 |       |       |       ||    38
